 Dungeon Crawl Stone Soup version 0.21-a0-552-g593960dda5 (webtiles) character file.

65 Cheet4h the Skirmisher (level 3, -3/33 HPs)
             Began as a Draconian Fighter on Dec 17, 2017.
             Killed by nerve-wracking pain
             ... invoked by an orc priest
              (5 damage)
             ... on level 2 of the Dungeon.
             The game lasted 00:02:27 (1384 turns).

Cheet4h the Skirmisher (Draconian Fighter)          Turns: 1384, Time: 00:02:28

Health: -3/33      AC:  4    Str: 19    XL:     3   Next: 92%
Magic:  3/3        EV: 10    Int:  8    God:
Gold:   121        SH:  9    Dex: 10    Spells: 2/2 levels left

rFire    . . .     SeeInvis .   a - +0 long sword
rCold    . . .     Gourm    .   b - +0 shield
rNeg     . . .     Faith    .   (armour unavailable)
rPois    .         Spirit   .   (helmet restricted)
rElec    .         Reflect  .   (no cloak)
rCorr    .         Harm     .   (no gloves)
MR       .....     Rnd*Tele +   q - -2 pair of boots (curse)
Stlth    +.........             (no amulet)
HPRegen  0.11/turn              k - ring of teleportation (curse)
MPRegen  0.08/turn              (no ring)

@: no status effects
A: unfitting armour, cold-blooded, AC +5
a: no special abilities


You were on level 2 of the Dungeon.
You were not hungry.

You visited 1 branch of the dungeon, and saw 3 of its levels.

You collected 121 gold pieces.

Inventory:

Hand Weapons
 a - a +0 long sword (weapon)
Armour
 b - a +0 shield (worn)
 q - a cursed -2 pair of boots (worn)
Jewellery
 k - a cursed ring of teleportation (left hand)
Scrolls
 g - a scroll of immolation {unknown}
 l - a scroll of fog {unknown}
 n - a scroll of blinking {unknown}
 p - a scroll of fear
Potions
 c - 2 potions of might
 e - 2 potions of flight
 f - a potion of heal wounds
 h - 2 potions of agility {unknown}
Comestibles
 d - a bread ration
 i - 2 meat rations
 j - a royal jelly
 m - 3 fruits


   Skills:
 * Level 3.9 Fighting
 * Level 2.8 Long Blades
 * Level 3.3 Dodging
 + Level 3.3 Shields


You had 2 spell levels left.
You didn't know any spells.

Dungeon Overview and Level Annotations

Branches:
Dungeon (3/15)

Altars:


Innate Abilities, Weirdness & Mutations

Your plain brown scales are hard. (AC +5)
You cannot fit into any form of body armour.
You are cold-blooded and may be slowed by cold attacks.


Message History

The orc priest closely misses you.
You riposte.
You barely miss the orc priest.
The orc priest is moderately wounded.
You closely miss the orc priest.
The orc priest is moderately wounded.
The orc priest hits you with a hand axe.
You hit the orc priest but do no damage.
The orc priest is moderately wounded.
The orc priest closely misses you.
You hit the orc priest but do no damage.
Your tail-slap misses the orc priest.
The orc priest is moderately wounded.
You block the orc priest's attack.
You slash the orc priest!
The orc priest is severely wounded.
The orc priest mumbles some strange prayers to Beogh against you.
Pain shoots through your body!
* * * LOW HITPOINT WARNING * * *
The orc priest mumbles some strange prayers to Beogh against you.
Pain shoots through your body!
You die...

####### #.....# #
#.###.# #######
#.###.# ......#####
#####.##...
#.........# #####
#.........#
#.##..###.#
#...#######.##...##.#
#.##..# #.#
#..o@.......#.....#.#
#.#...# #.#
#...##########......#
#.#..####.# ##.##
##.##### #.........#
#.# #.# # .....######
#.# #.# # ###.## #.#
##'## # #.# #.#####
##...## # #.# #.....#
##.....### ##.##
#.....## ##.......##


You could see an orc priest.

Vanquished Creatures
  Terence (D:1)
  2 dart slugs (D:2)
  A leopard gecko (D:2)
  An orc (D:3)
  5 bats
  2 giant cockroaches (D:2)
  3 goblins
  2 hobgoblins
  3 jackals (D:2)
  8 kobolds
  A frilled lizard (D:2)
  3 rats
32 creatures vanquished.

Notes
Turn   | Place    | Note
-------+----------+-------------------------------------------
     0 | D:1      | Cheet4h the Draconian Fighter began the quest for the Orb.
     0 | D:1      | Reached XP level 1. HP: 19/19 MP: 1/1
   145 | D:1      | Reached XP level 2. HP: 25/26 MP: 2/2
   481 | D:2      | Noticed Terence
   499 | D:1      | Killed Terence
   499 | D:1      | Reached XP level 3. HP: 27/33 MP: 3/3
  1384 | D:2      | Killed from afar by an orc priest

Vault maps used:
D:1:      eino_arrival_druids_welcome
D:2:      uniq_terence
D:3:      old_standard_altar, uniq_natasha

Skill      XL: |  1  2 |
---------------+-------+-----
Dodging        | 3 |  3.3
Fighting       | |  3.9
Long Blades    | |  2.8
Shields        | |  3.3

Action                   || total
-------------------------++-------
Melee: Long sword        ||   110
       Tailslap          ||    12
  Use: Scroll            ||     4
  Eat: Chunk             ||     2
Armor: Skin              ||    37
Dodge: Dodged            ||    58
Block: Shield            ||    64
       Rpst.: Long sword ||    13

Table legend:
 A = Spawn XP
 B = Non-spawn XP
 C = Spawn XP percentage of total XP
 D = Spawn monster count
 E = Non-spawn monster count
 F = Spawn count percentage of total count
 G = Total turns spent on level
                    A         B        C        D         E        F      G
               +---------+---------+-------+---------+---------+-------+---------
         Total |       0 |      93 |   0.0 |       0 |      32 |   0.0 |  1384
               +---------+---------+-------+---------+---------+-------+---------
           D:1 |       0 |      57 |   0.0 |       0 |      15 |   0.0 |   529
           D:2 |       0 |      33 |   0.0 |       0 |      16 |   0.0 |   846
           D:3 |       0 |       3 |   0.0 |       0 |       1 |   0.0 |     9
               +---------+---------+-------+---------+---------+-------+---------
